 Dungeon Crawl Stone Soup version 0.31-a0-1338-gb567cfdca4 (webtiles) character file.

Game seed: 13678536257349199883

22108 mdonais the Warrior (level 12, -7/148 HPs)
             Began as an Oni Warper on Dec 23, 2023.
             Was an Elder of Ashenzari.
             Mangled by a two-headed ogre
             ... wielding a +0 giant club
              (28 damage)
             ... on level 2 of the Orcish Mines.
             The game lasted 00:59:24 (21212 turns).

mdonais the Warrior (Oni Warper)                   Turns: 21212, Time: 00:59:24

Health: -7/148     AC:  5    Str: 21    XL:     12   Next: 97%
Magic:  13/24      EV: 11    Int: 17    God:    Ashenzari [****..]
Gold:   1216       SH:  0    Dex: 10    Spells: 14/27 levels left

rFire   . . .        G - +1 giant spiked club "Oracle of Ashenzari" {elec, Melee, Bglg} (curse)
rCold   x . .        (shield currently unavailable)
rNeg    . . .        l - +1 robe "I Knew You'd Do That" {Will+, Self, Bglg} (curse)
rPois   .            (helmet restricted)
rElec   .            d - +0 cloak of the Clairvoyant Comet {Bglg, Fort} (curse)
rCorr   .            (gloves unavailable)
SInv    +            (boots unavailable)
Will    ++...        (no amulet)
Stlth   +            c - ring "Optimism of Ashenzari" {Fly, Bglg, Fort} (curse)
HPRegen 0.44/turn    (no ring)
MPRegen 0.19/turn

%: clarity
@: mighty, flying, hasted, invisible, very quick
A: drunken brawling, large, unfitting armour, horns 1, tough skin 1, double
potion healing, clever 1, strong 1, wild magic 1, cold vulnerability 1
a: Renounce Religion, Curse Item, Shatter the Chains


You were on level 2 of the Orcish Mines.
You worshipped Ashenzari.
Ashenzari was greatly pleased with you.
You visited 4 branches of the dungeon, and saw 14 of its levels.

You collected 1216 gold pieces.

Inventory:

Hand Weapons
 a - a +0 giant spiked club
   (You took it off an ogre on level 1 of the Orcish Mines)
 h - a +0 giant club
   (You took it off a two-headed ogre on level 10 of the Dungeon)
 G - the cursed +1 giant spiked club "Oracle of Ashenzari" (weapon) {elec, Melee, Bglg}
   (You took it off an ogre on level 4 of the Dungeon)

   It has a curse which improves the following skills: Melee Combat: Short
   Blades, Long Blades, Axes, Maces & Flails, Polearms, Staves and Unarmed
   Combat.
   Beguiling: Hexes and Translocations.
Missiles
 k - 12 poisoned darts
 t - 4 boomerangs
 v - 5 javelins
 w - 5 large rocks
 x - 7 silver javelins
 F - 6 curare-tipped darts (quivered)
 J - 6 atropa-tipped darts
 K - 7 darts of dispersal
 Z - 2 throwing nets {=!f}
Armour
 d - the cursed +0 cloak of the Clairvoyant Comet (worn) {Bglg, Fort}
   (You found it on level 4 of the Dungeon)

   It has a curse which improves the following skills: Beguiling: Hexes and
   Translocations.
   Fortitude: Armour and Shields.
 i - +0 steam dragon scales
   (You took it off Maggie on level 7 of the Dungeon)
 l - the cursed +1 robe "I Knew You'd Do That" (worn) {Will+, Self, Bglg}
   (You took it off Jeremiah on level 7 of the Dungeon)

   It has a curse which improves the following skills: Introspection: Fighting
   and Spellcasting.
   Beguiling: Hexes and Translocations.
 n - a +2 robe of willpower
   (You took it off an orc sorcerer on level 10 of the Dungeon)
 z - a +2 robe of willpower
   (You took it off Jorgrun on level 1 of the Orcish Mines)
Magical Staves
 b - a staff of air
   (You found it on level 1 of the Lair of Beasts)
 r - a staff of cold
   (You found it on level 3 of the Dungeon)
Jewellery
 c - the cursed ring "Optimism of Ashenzari" (left hand) {Fly, Bglg, Fort}
   (You found it on level 8 of the Dungeon)

   [ring of flight]

   Fly:       It grants you flight.
   It has a curse which improves the following skills: Beguiling: Hexes and
   Translocations.
   Fortitude: Armour and Shields.
Talismans
 g - a beast talisman
   (You found it on level 1 of the Dungeon)
Wands
 m - a wand of mindburst (16)
   (You found it on level 3 of the Dungeon)
 A - a wand of acid (1)
   (You took it off Maggie on level 7 of the Dungeon)
 D - a wand of digging (5)
   (You found it on level 7 of the Dungeon)
 E - a wand of polymorph (4)
   (You found it on level 9 of the Dungeon)
 I - a wand of iceblast (7)
   (You found it on level 8 of the Dungeon)
 P - a wand of paralysis (13)
   (You found it on level 9 of the Dungeon)
 V - a wand of flame (31)
   (You found it on level 3 of the Dungeon)
Scrolls
 e - 2 scrolls of fog
 f - 4 scrolls of amnesia
 p - 3 scrolls of immolation
 u - 2 scrolls of revelation
 B - 2 scrolls of blinking
 C - a scroll of brand weapon
 T - a scroll of teleportation
Potions
 j - a potion of might
 o - 2 potions of invisibility
 q - 3 potions of mutation
 s - 3 potions of brilliance
 y - a potion of cancellation
 H - 3 potions of haste


   Skills:
 * Level 15.8(17.5) Fighting
 - Level 13.2(15.0) Maces & Flails
 - Level 1.0 Throwing
 + Level 5.3 Dodging
 + Level 1.3 Stealth
 - Level 6.1(8.0) Spellcasting
 - Level 5.0 Conjurations
 - Level 5.7(10.0) Translocations
 - Level 3.0 Evocations


You had 14 spell levels left.
You knew the following spells:

 Your Spells              Type           Power      Damage    Failure   Level
a - Manifold Assault      Tloc           52%        N/A       3%          4
b - Iskenderun's Mystic   Conj/Tloc      41%        2d9       8%          4
d - Teleport Other        Tloc           52%        N/A       1%          3
e - Blink                 Tloc           100%       N/A       1%          2

Your spell library contained the following spells:

 Spells                   Type           Power      Damage    Failure   Level
 Apportation              Tloc           100%       N/A       1%          1
 Lesser Beckoning         Tloc           100%       N/A       1%          2
 Kiss of Death            Conj/Necr      76%        2d11      6%          1
 Sting                    Conj/Alch      76%        1d7       6%          1
 Volatile Blastmotes      Fire/Tloc      60%        2d15      7%          3
 Necrotise                Necr           32%        1d5       16%         1
 Summon Small Mammal      Summ           32%        N/A       16%         1
 Vhi's Electric Charge    Tloc/Air       60%        N/A       19%         4
 Confusing Touch          Hex            11%        N/A       32%         3
 Vampiric Draining        Necr           8%         2d6       38%         3
 Fulminant Prism          Conj/Alch      9%         3d7       45%         4
 Dispel Undead            Necr           8%         3d8       78%         4
 Agony                    Necr           8%         N/A       98%         5


Dungeon Overview and Level Annotations

Branches:
Dungeon (10/15) Zot: 21842  Temple (1/1) D:6 Zot: 5998    Lair (1/5) D:8 Zot: 4736
    Orc (2/2) D:10 Zot: 10820
    Elf: Orc:2

Altars:
Ashenzari
Cheibriados
Dithmenos
Elyvilon
Fedhas
Gozag
Hepliaklqana
Kikubaaqudgha
Makhleb
Nemelex Xobeh
Okawaru
Qazlal
Ru
Sif Muna
Trog
Uskayaw
Vehumet
Wu Jian
Xom
Yredelemnul
Zin
The Shining One

Shops:
D:10 :

Annotations:
D:6 3 runed translucent doors, Jose's ghost, novice DECj; Sonofthefire's ghost, novice OpSh; gelatine's ghost, novice DsHu
D:7 exclusion: 5 doors


Innate Abilities, Weirdness & Mutations

Whenever you drink a potion that restores your health or magic, you attack all enemies around you.
You are too large for most types of armour.
You have a pair of small horns on your head.
You have tough skin. (AC +1)
Whenever you drink a potion that restores your health or magic, it restores twice as much.
Your mind is acute. (Int +4, Str/Dex -1)
Your muscles are strong. (Str +4, Int/Dex -1)
Your spells are a little harder to cast, but a little more powerful.
You are vulnerable to cold. (rC-)


Message History

The orc hits you with a +0 dagger.
The orc priest calls down the wrath of Beogh upon you.
Beogh smites you!
The orc hits you with a +0 dagger of venom.
You are poisoned.
The orc misses you.
The orc warrior hits you from afar with a +0 trident.
You fly upwards.
You feel very sick.
There is a stone staircase leading down here.
You take 19 damage, and have 93/148 hp.
You bludgeon the orc priest!!
You kill the orc priest!
You feel sick.
The orc hits you with a +0 dagger of venom.
You are more poisoned.
The orc misses you. The orc barely misses you.
The orc hits you but does no damage. The orc misses you.
The orc barely misses you.
You take 2 damage, and have 91/148 hp.
You thump the orc! Lightning courses through the orc!
You kill the orc!
You feel very sick. The orc closely misses you. x2
You take 4 damage, and have 87/148 hp.
You hit the orc but do no damage.
You feel very sick. The orc closely misses you.
The orc hits you but does no damage.
You take 2 damage, and have 85/148 hp.
You stick the orc like a pincushion!!!
You kill the orc!
You feel sick. The orc hits you but does no damage.
You take 2 damage, and have 83/148 hp.
You barely miss the orc. Your headbutt misses the orc.
You feel very sick. The orc barely misses you.
You take 2 damage, and have 81/148 hp.
You closely miss the orc.
You feel sick. The orc closely misses you.
You take 1 damage, and have 80/148 hp.
You barely miss the orc. You headbutt the orc.
The orc is heavily wounded.
You feel sick. The orc hits you but does no damage.
You take 2 damage, and have 78/148 hp.
You perforate the orc like a sieve!!! Lightning courses through the orc!
You kill the orc!
You feel sick.
You feel sick.
You feel sick.
You feel sick.
You are no longer poisoned.
Magic restored.
HP restored.
Things that are here:
a +0 dagger of venom; a +0 ring mail; an orc corpse Health restored: 148; MP restored: 24
Things that are here:
a +0 dagger; a +0 leather armour; an orc corpse
Things that are here:
a +0 dagger; a +0 leather armour; an orc corpse
Things that are here:
a +0 club; a +0 leather armour; an orc corpse
There is a stone staircase leading down here.
You start waiting.
Done waiting.
You fly downwards.
You hear a distant snort.
Hark!
There is a gateway to a gauntlet on this level.
Find the entrance quickly before the gate is sealed!
You hear the thunderous beating of a drum very nearby.
The two-headed ogre barely misses you.
The two-headed ogre hits you with a +0 giant club!
The orc warrior barely misses you. The two-headed ogre closely misses you.
The two-headed ogre hits you with a +0 giant club.
The orc warrior hits you with a +0 trident.
The kobold blastminer wields a +0 arbalest.
The kobold blastminer shoots a bolt.
The bolt hits you.
There is a stone staircase leading up, spattered with blood here.
You take 27 damage, and have 121/148 hp.
You fade into invisibility!
The two-headed ogre barely misses you.
The two-headed ogre hits you with a +0 giant club!
The two-headed ogre barely misses you. x2; The orc warrior barely misses you.
The kobold blastminer shoots a bolt.
The bolt hits you!!
The ogre shouts!
You take 34 damage, and have 87/148 hp.
MASSIVE DAMAGE!!
Casting: Manifold Assault (mildly dangerous; 1% risk of failure)
Confirm with . or Enter, or press ? or * to list all spells.
Space momentarily warps into an impossible shape!
You completely miss the two-headed ogre.
You impale the ogre!!
You hit the two-headed ogre but do no damage.
Lightning courses through the two-headed ogre!!
You hear a shout! x2
The orc warrior misses you. The two-headed ogre closely misses you.
The two-headed ogre misses you.
The two-headed ogre hits you with a +0 giant club!!
The two-headed ogre closely misses you.
You take 20 damage, and have 67/148 hp.
You now have 20/24 mp.
You feel yourself speed up. The orc warrior closely misses you.
The kobold blastminer shoots a bolt.
The bolt closely misses you.
Casting: Manifold Assault (mildly dangerous; 1% risk of failure)
Confirm with . or Enter, or press ? or * to list all spells.
Space momentarily warps into an impossible shape!
You stick the ogre like a pincushion!!!
You kill the ogre!
You barely miss the orc warrior. You puncture the two-headed ogre!
The two-headed ogre hits you with a +0 giant club!
The two-headed ogre completely misses you.
The two-headed ogre barely misses you. x2
An ogre comes into view. It is wielding a +0 giant spiked club.
The orc warrior closely misses you.
The kobold blastminer blasts its cannon at you.
The iron shot misses you.
You take 13 damage, and have 55/148 hp.
You now have 16/24 mp.
Casting: Manifold Assault (mildly dangerous; 1% risk of failure)
Confirm with . or Enter, or press ? or * to list all spells.
Space momentarily warps into an impossible shape!
You closely miss the orc warrior. You hit the two-headed ogre.
You completely miss the two-headed ogre.
The orc warrior hits you with a +0 trident.
An ogre comes into view. It is wielding a +0 giant club.
The two-headed ogre closely misses you. The two-headed ogre barely misses you.
The two-headed ogre hits you with a +0 giant club!!
* * * LOW HITPOINT WARNING * * *
The two-headed ogre barely misses you.
The ogre shouts!
You hear a shout!
You take 35 damage, and have 20/148 hp.
MASSIVE DAMAGE!!
You now have 12/24 mp.
You feel very mighty all of a sudden.
You hear a shout!
You hear two shouts!
Okay, then.
You feel extremely strange.
You feel clever.
You feel vulnerable to cold.
You feel less in control of your magic.
You feel stronger.
The ogre shouts!
You hear a shout! x2
The orc warrior closely misses you.
An ogre comes into view. It is wielding a +0 giant spiked club.
Okay, then.
Aiming: Iceblast
Press: ? - help, Shift-Dir - straight line The mass of ice explodes!
The iceblast engulfs the two-headed ogre!
The two-headed ogre is severely wounded.
The iceblast engulfs the orc warrior!
The orc warrior partially resists.
The orc warrior is moderately wounded.
The iceblast engulfs the kobold blastminer!!
The kobold blastminer is heavily wounded.
The iceblast engulfs the two-headed ogre!!
The two-headed ogre is moderately wounded.
You hear two shouts! x2; You hear a shout! x5
The two-headed ogre hits you with a +0 giant club!!
You die...

** **#*, ### **.#.,
##.###...., ##....#....,
##..........,
#..$.......),
*#...O.O..OO,
#..@[.K..#,,
*******##O)o......, *
*8,,,8* #.).)....., ##
**,,,,,* #........., <#
*+,,_,,* #...).....,
.#*****,,,,,* #......$..,
.o*,*,,8,,,8* #..[#.)...,
.#.,,,,*******#.[)......,
.#.),,,,******,,,,*,,,,,,


You could see 3 two-headed ogres, a kobold blastminer (unable to see you), an
orc warrior (unable to see you) and 2 ogres.

Vanquished Creatures
  Jorgrun (Orc:1)
  A boulder beetle (D:10)
  A centaur warrior (D:10)
  A two-headed ogre (D:10)
  Urug (Lair:1)
  An orc high priest (D:10)
  A sun demon (D:10)
  A soul eater (D:10)
  A sixfirhy (D:10)
  Pikel (D:7)
  2 orc sorcerers
  A kobold blastminer (Orc:1)
  A black mamba (Lair:1)
  3 cane toads (Lair:1)
  An unseen horror (D:10)
  An orange demon (D:10)
  Maggie (D:7)
  Jeremiah (D:7)
  2 komodo dragons (Lair:1)
  2 red devils (D:10)
  4 hellwings
  3 trolls
  3 blink frogs (Lair:1)
  A hornet (D:9)
  Grinder (D:6)
  A ynoxinul (D:10)
  A shadow (D:9)
  11 yaks
  A wyvern (Lair:1)
  A wraith (D:7)
  A warg (Orc:2)
  2 chaos spawn (D:10)
  2 steam dragons
  7 water moccasins
  An acid dragon (D:10)
  3 ice beasts
  3 black bears
  2 sky beasts
  12 orc warriors
  5 ogres
  3 centaurs
  3 lemures (D:6)
  A phantom (D:4)
  A kobold brigand (D:7)
  6 bullfrogs
  3 scorpions
  2 gnoll sergeants
  3 wights (D:9)
  11 killer bees
  A jelly (D:4)
  15 orc priests
  6 hounds
  A quasit (D:10)
  2 gnoll boudas
  10 orc wizards
  A sleepcap (D:7)
  An iguana (D:7)
  16 gnolls
  4 adders
  A shadow imp (D:8)
  A white imp (D:6)
  2 ufetubi (D:6)
  3 worms
  2 dart slugs
  66 orcs
  2 endoplasms
  4 giant cockroaches
  3 goblins
  4 hobgoblins
  4 jackals (D:5)
  2 quokkas
  6 ball pythons
  4 bats
  6 frilled lizards
  6 kobolds
  4 rats
300 creatures vanquished.

Notes
Turn   | Place    | Note
-------+----------+-------------------------------------------
     0 | D:1      | mdonais the Oni Warper began the quest for the Orb.
     0 | D:1      | Reached XP level 1. HP: 22/22 MP: 3/3
   123 | D:1      | Reached skill level 3 in Fighting
   263 | D:1      | Reached XP level 2. HP: 31/31 MP: 5/5
   271 | D:1      | HP: 2/46 [gnoll/+1 antimagic flail (1)]
   713 | D:1      | Reached XP level 3. HP: 39/39 MP: 2/6
  1097 | D:2      | Found a broken altar of Ashenzari.
  1103 | D:2      | Became a worshipper of Ashenzari the Shackled
  1140 | D:2      | Reached skill level 4 in Fighting
  1572 | D:2      | Reached XP level 4. HP: 42/49 MP: 2/7
  2626 | D:4      | Noticed an ogre
  2682 | D:4      | Reached skill level 5 in Fighting
  2690 | D:4      | Reached XP level 5. HP: 56/57 MP: 2/8
  2701 | D:4      | Killed an ogre
  3119 | D:4      | Found a shimmering altar of Xom.
  3323 | D:4      | Reached skill level 6 in Fighting
  3323 | D:4      | Reached XP level 6. HP: 56/67 MP: 3/9
  3918 | D:4      | Reached skill level 5 in Maces & Flails
  4367 | D:5      | Entered Level 5 of the Dungeon
  4385 | D:5      | Reached * piety under Ashenzari
  4574 | D:5      | Learned a level 2 spell: Blink
  4578 | D:5      | Learned a level 3 spell: Teleport Other
  4583 | D:5      | Learned a level 4 spell: Manifold Assault
  4720 | D:5      | Reached skill level 7 in Fighting
  4720 | D:5      | Reached XP level 7. HP: 68/78 MP: 3/10
  5848 | D:5      | Reached skill level 8 in Fighting
  6244 | D:6      | Reached skill level 9 in Fighting
  6244 | D:6      | Reached XP level 8. HP: 34/92 MP: 3/11
  6677 | D:6      | Noticed Grinder
  6680 | D:6      | Killed Grinder
  6681 | D:6      | Reached skill level 10 in Fighting
  7137 | D:6      | Found a runed translucent gate.
  7138 | D:6      | Found a runed translucent gate.
  7373 | D:6      | Found a runed translucent gate.
  7374 | D:6      | Noticed gelatine's ghost (novice DsHu)
  7374 | D:6      | Noticed Jose's ghost (novice DECj)
  7374 | D:6      | Noticed Sonofthefire's ghost (novice OpSh)
  7522 | D:6      | Reached skill level 1 in Evocations
  7660 | D:6      | Reached ** piety under Ashenzari
  7660 | D:6      | Reached *** piety under Ashenzari
  7770 | D:6      | Found a staircase to the Ecumenical Temple.
  7779 | Temple   | Entered the Ecumenical Temple
  8448 | D:6      | Found a staircase to the Ecumenical Temple.
  8961 | D:6      | Identified the cursed +0 cloak of the Clairvoyant Comet
                  | {Bglg, Fort} (You found it on level 4 of the Dungeon)
  9024 | D:7      | Noticed Pikel
  9131 | D:6      | Reached XP level 9. HP: 84/102 MP: 11/13
  9181 | D:7      | Noticed Maggie
  9392 | D:7      | Killed Pikel
  9496 | D:7      | Killed Maggie
  9579 | D:7      | Reached skill level 11 in Fighting
  9920 | D:7      | Noticed Jeremiah
  9969 | D:7      | Killed Jeremiah
 10161 | D:7      | Identified the +1 rapier of Wekhliw {freeze, *Noise Str+2
                  | Dex+8 Stlth+}
 10237 | D:7      | Reached skill level 5 in Translocations
 10237 | D:7      | Reached XP level 10. HP: 105/114 MP: 3/16
 11076 | D:7      | Learned a level 4 spell: Iskenderun's Mystic Blast
 11268 | D:8      | Reached **** piety under Ashenzari
 11601 | D:8      | Reached skill level 5 in Spellcasting
 11846 | D:8      | Found a staircase to the Lair.
 11873 | D:8      | Found a stormy altar of Qazlal.
 11885 | D:8      | Found an iron altar of Okawaru.
 11938 | D:8      | Reached skill level 1 in Conjurations
 12723 | D:9      | Reached skill level 12 in Fighting
 13643 | D:10     | Entered Level 10 of the Dungeon
 13909 | D:10     | Noticed a soul eater
 13925 | D:10     | Reached XP level 11. HP: 118/124 MP: 9/18
 14189 | D:10     | Killed a soul eater
 14190 | D:10     | Reached skill level 10 in Maces & Flails
 14190 | D:10     | Reached skill level 5 in Dodging
 14735 | D:10     | Noticed a centaur warrior
 14736 | D:10     | Reached skill level 13 in Fighting
 14747 | D:10     | Killed a centaur warrior
 15394 | D:10     | Noticed a two-headed ogre
 15407 | D:10     | Killed a two-headed ogre
 15472 | D:10     | Noticed a sixfirhy
 15481 | D:10     | Killed a sixfirhy
 15482 | D:10     | Reached skill level 14 in Fighting
 15817 | D:10     | Noticed a sun demon
 15835 | D:10     | Killed a sun demon
 16478 | D:10     | Found Azoidaco's Tremendous Tomes.
 16652 | D:10     | Found a staircase to the Orcish Mines.
 16758 | Lair:1   | Entered Level 1 of the Lair of Beasts
 17254 | Lair:1   | Reached XP level 12. HP: 130/144 MP: 13/22
 17326 | Lair:1   | Noticed Urug
 17334 | Lair:1   | Killed Urug
 18735 | Orc:1    | Entered Level 1 of the Orcish Mines
 18738 | Orc:1    | Noticed a boulder beetle
 18738 | Orc:1    | Noticed Jorgrun
 18850 | Orc:1    | Noticed an orc high priest
 18866 | D:10     | Killed a boulder beetle
 19453 | D:10     | Killed an orc high priest
 19551 | Orc:1    | Reached skill level 5 in Conjurations
 19557 | D:10     | Reached skill level 15 in Fighting
 19728 | Orc:1    | Killed Jorgrun
 20827 | Orc:2    | Entered Level 2 of the Orcish Mines
 20835 | Orc:2    | Reached skill level 1 in Stealth
 20837 | Orc:2    | Noticed an orc high priest
 20918 | Orc:2    | Noticed a two-headed ogre
 20919 | Orc:2    | Noticed a two-headed ogre
 21204 | Orc:2    | Noticed a two-headed ogre
 21211 | Orc:2    | Gained mutation: Your mind is acute. (Int +4, Str/Dex -1)
                  | [potion of mutation]
 21211 | Orc:2    | Gained mutation: You are vulnerable to cold. (rC-) [potion
                  | of mutation]
 21211 | Orc:2    | Gained mutation: Your spells are a little harder to cast,
                  | but a little more powerful. [potion of mutation]
 21211 | Orc:2    | Gained mutation: Your muscles are strong. (Str +4, Int/Dex
                  | -1) [potion of mutation]
 21212 | Orc:2    | Mangled by a two-headed ogre

Illustrated notes

Levels and vault maps discovered:
D:1:      eino_arrival_water_cross, layout_loops_ring
D:2:      layout_basic, basic_altar
D:3:      layout_loops_ring, minivault_11, minmay_distorted
D:4:      layout_gridville, mainiacjoe_overflow_paths,
          minmay_misc_feat_more_columns
D:5:      layout_basic
D:6:      layout_loops_ring, lemuel_temple_firewalk_b, gammafunk_ghost_cemetery,
          minmay_misc_feat_pillars, dreamdust_gnoll_farm, uniq_grinder
D:7:      nicolae_cairo_tiling_very_big, layout_rooms, st_stairs_14,
          minmay_misc_feat_x, minmay_fractal_squares_5, uniq_jeremiah,
          uniq_pikel, uniq_maggie
D:8:      layout_basic, minitemple, lair_entry_dummy
D:9:      layout_roguey
D:10:     layout_rooms, hiddenorc1_lemuel, serial_demonic, serial_demonic_a,
          serial_demonic_a, serial_demonic_a, serial_demonic_e,
          serial_demonic_c, serial_demonic_d, serial_demonic_g,
          minmay_door_square, nicolae_shop_i_like_big_books
Temple:   compressed_dpeg_triangle_lava_temple
Lair:1:   layout_regular_city, uniq_urug
Orc:1:    layout_caves, blackcustard_rock_pile, uniq_jorgrun
Orc:2:    st_orc_ogre_mass, layout_caves, gauntlet_entry_generic,
          nicolae_orc_lost_temple

Skill      XL: |  1  2  3  4  5  6  7  8  9 10 11 12 |
---------------+-------------------------------------+-----
Fighting       | 3 4 5 6 7 9 10 11 12 14 15 | 15.8
Maces & Flails | 3 4 5 6 7 8 9 12 13 | 13.2
Translocations | 3 5 |  5.7
Evocations     | 1 2 3 |  3.0
Dodging        | 3 4 5 |  5.3
Spellcasting   | 4 5 6 |  6.1
Conjurations   | 3 5 |  5.0
Stealth        | 1 |  1.3
Throwing       | |  1.0

Action                     |  1- 3 |  4- 6 |  7- 9 | 10-12 || total
---------------------------+-------+-------+-------+-------++-------
  Melee: Mace              |    28 |       |       |       ||    28
         Headbutt          |     6 |    19 |    25 |    55 ||   105
         Flail             |    53 |    97 |   120 |       ||   270
         Giant spiked club |       |       |    78 |   567 ||   645
         Punch             |       |       |     1 |       ||     1
   Fire: Sling             |    20 |    39 |    25 |       ||    84
         Orcbow            |       |       |     9 |       ||     9
  Throw: Dart              |       |     4 |     8 |     1 ||    13
   Cast: Manifold Assault  |       |       |    26 |   201 ||   227
         Blink             |       |       |     1 |       ||     1
         Iskenderun's Myst |       |       |       |     1 ||     1
 Invoke: Curse Item        |       |     2 |     1 |     2 ||     5
         Shatter the Chain |       |       |       |     1 ||     1
  Evoke: Wand              |       |       |     5 |     8 ||    13
    Use: Potion            |     3 |     1 |       |    13 ||    17
         Scroll            |     1 |     3 |     3 |       ||     7
   Stab: Invisible         |       |       |       |     1 ||     1
 Armour: Robe              |    56 |    72 |   191 |   359 ||   678
         Skin              |     5 |       |       |       ||     5
  Dodge: Dodged            |    41 |    39 |   110 |   283 ||   473
         Form:             |       |       |     2 |       ||     2
         Beast             |       |       |     2 |       ||     2

Table legend: (Time is in decaauts)
 A = Elapsed time spent in this place.
 B = Non-inter-level travel time spent in this place.
 C = Inter-level travel time spent in this place.
 D = Time resting spent in this place.
 E = Time spent auto-exploring this place.
 F = Levels seen in this place.
 G = Mean time per level.
                   A        B        C        D        E       F      G
               +--------+--------+--------+--------+--------+-----+--------+
         Total |  21367 |  20193 |   1174 |   5807 |  11178 |  14 | 1526.2 |
       Dungeon |  18922 |  17774 |   1148 |   5516 |   9454 |  10 | 1892.2 |
        Temple |      1 |      1 |      0 |      0 |      0 |   1 |    1.0 |
          Lair |   1263 |   1263 |      0 |    123 |    959 |   1 | 1263.0 |
  Orcish Mines |   1178 |   1152 |     26 |    168 |    765 |   2 |  589.0 |
               +--------+--------+--------+--------+--------+-----+--------+

Top non-repeatable levels by time:
    D:10: 3201 daAuts
     D:6: 2997 daAuts
     D:9: 2602 daAuts
     D:5: 2182 daAuts
     D:8: 1902 daAuts
     D:4: 1769 daAuts
     D:7: 1629 daAuts
  Lair:1: 1263 daAuts
   Orc:1: 1147 daAuts
     D:1: 1110 daAuts
     D:3: 853 daAuts
     D:2: 674 daAuts
   Orc:2: 31 daAuts
  Temple: 1 daAuts
